 Dungeon Crawl Stone Soup version 0.30.1-1-g62c8e00024 (webtiles) character file.

Game seed: 6891711645509938720

56 Gorgoleon the Sneak (level 3, -12/16 HPs)
             Began as a Spriggan Enchanter on July 16, 2023.
             Mangled by Terence
             ... wielding a +1 heavy flail
              (17 damage)
             ... on level 2 of the Dungeon.
             The game lasted 00:06:43 (1577 turns).

Gorgoleon the Sneak (Spriggan Enchanter)            Turns: 1577, Time: 00:06:43

Health: -12/16     AC:  3    Str:  6    XL:     3   Next: 69%
Magic:  1/8        EV: 17    Int: 16    God:
Gold:   98         SH:  0    Dex: 15    Spells: 2/7 levels left

rFire   . . .        a - +1 dagger
rCold   . . .        (no shield)
rNeg    . . .        e - +0 robe {Archmagi}
rPois   .            (helmet restricted)
rElec   .            j - +0 cloak
rCorr   .            (gloves unavailable)
SInv    +            (boots unavailable)
Will    .....        (no amulet)
Stlth   +++          (no ring)
HPRegen 0.22/turn    (no ring)
MPRegen 0.11/turn

%: archmagi
@: very quick
A: very small, no large weapons, unfitting armour, see invisible, speed 3
a: no special abilities


You were on level 2 of the Dungeon.
You visited 1 branch of the dungeon, and saw 2 of its levels.

You collected 98 gold pieces.

Inventory:

Hand Weapons
 a - a +1 dagger (weapon)
Armour
 e - a +0 robe of the Archmagi (worn)
 j - a +0 cloak (worn)
Jewellery
 n - a ring of flight
Scrolls
 g - 2 scrolls of poison {unknown}
 h - a scroll of vulnerability {unknown}
 i - a scroll of brand weapon {unknown}
 l - a scroll of enchant armour {unknown}
 m - a scroll of amnesia {unknown}
Potions
 b - 2 potions of brilliance {unknown}
 c - 2 potions of invisibility
 d - a potion of flight {unknown}
 f - 2 potions of lignification {unknown}
 k - a potion of degeneration {unknown}


   Skills:
 + Level 1.8 Short Blades
 - Level 3.0 Dodging
 + Level 5.2 Stealth
 - Level 2.6 Spellcasting
 + Level 4.7 Hexes
 * Level 0.2 Ice Magic


You had 2 spell levels left.
You knew the following spells:

 Your Spells              Type           Power      Damage    Failure   Level
a - Ensorcelled Hibernat  Hex/Ice        30%        N/A       11%         2
b - Confusing Touch       Hex            26%        N/A       9%          3

Your spell library contained the following spells:

 Spells                   Type           Power      Damage    Failure   Level
 Tukima's Dance           Hex            26%        N/A       9%          3
 Dazzling Flash           Conj/Hex       28%        N/A       22%         3


Dungeon Overview and Level Annotations

Branches:
Dungeon (2/15)

Altars:

Annotations:
D:2 Terence


Innate Abilities, Weirdness & Mutations

You are very small and have problems with some larger weapons.
You are too small for most types of armour.
You have supernaturally acute eyesight. (SInv)
You cover ground extremely quickly. (Speed+++)


Message History

Terence shouts!
Found a robe.
Cast which spell? (? or * to list)
Aiming: Ensorcelled Hibernation (safe; 11% risk of failure)
Press: ? - help, Shift-Dir - straight line, f - Terence
Aim: Terence, wielding a +1 heavy flail and wearing a +0 ring mail (chance to affect: 57%)
You feel a surge of power!
Terence looks drowsy...
The helpless Terence fails to defend himself.
You impale Terence!!
Terence is almost dead.
Terence barely misses you.
Casting: Ensorcelled Hibernation (safe; 11% risk of failure)
Confirm with . or Enter, or press ? or * to list all spells.
Aiming: Ensorcelled Hibernation (safe; 11% risk of failure)
Press: ? - help, Shift-Dir - straight line, f - you, p - Terence That would be overly suicidal.
Okay, then.
Casting: Ensorcelled Hibernation (safe; 11% risk of failure)
Confirm with . or Enter, or press ? or * to list all spells.
Aiming: Ensorcelled Hibernation (safe; 11% risk of failure)
Press: ? - help, Shift-Dir - straight line, f - Terence
Aim: Terence, wielding a +1 heavy flail and wearing a +0 ring mail (almost dead, not susceptible)
You feel a surge of power!
Terence is unaffected.
Casting: Ensorcelled Hibernation (safe; 11% risk of failure)
Confirm with . or Enter, or press ? or * to list all spells.
The spell is extremely dangerous to miscast (9% risk of failure)!
Continue anyway?
You feel a surge of power!
Your hands begin to glow red.
Terence hits you with a +1 heavy flail!
Ouch! That really hurt!
You hit Terence but do no damage.
Terence appears confused.
Terence is almost dead.
Terence drinks a potion.
Terence is healed!
You hit Terence but do no damage. Terence completely misses you.
You hit Terence.
Terence is lightly wounded.
You hit Terence.
Terence is lightly wounded.
Terence hits you with a +1 heavy flail!
Ouch! That really hurt!
You die...

#..# #.#.#.# ##...##
#.. #.## #.....# ##+#
##. #.# ###.### #.#
### #.# #.####### #..
..# ##.# ###.......#
##.## #.# ...#
#.....###.###..>## #.#
####
#.#...###.##.....###.#
#.#...................
# #..@....####.#####.#
#..@....# #.# #.#
##......# #.#####.#
##....## #.......#
#.#### #.####### .[#
#.# ### #.# #.# #.# #


You could see Terence (confused).

Vanquished Creatures
  An adder (D:2)
  A gnoll (D:1)
  A worm (D:2)
  4 dart slugs
  A bat (D:1)
  3 endoplasms
  A giant cockroach (D:1)
  2 goblins
  3 hobgoblins (D:2)
  2 quokkas
  A ball python (D:1)
  2 frilled lizards
  2 kobolds
  5 rats
29 creatures vanquished.

Notes
Turn   | Place    | Note
-------+----------+-------------------------------------------
     0 | D:1      | Gorgoleon the Spriggan Enchanter began the quest for the
                  | Orb.
     0 | D:1      | Reached XP level 1. HP: 9/9 MP: 5/5
   194 | D:1      | Reached XP level 2. HP: 13/13 MP: 6/6
   611 | D:1      | Reached XP level 3. HP: 13/16 MP: 8/8
   990 | D:2      | Learned a level 2 spell: Ensorcelled Hibernation
   994 | D:2      | Learned a level 3 spell: Confusing Touch
  1028 | D:2      | Reached skill level 5 in Stealth
  1564 | D:2      | Noticed Terence
  1577 | D:2      | Mangled by Terence

Illustrated notes

Levels and vault maps discovered:
D:1:      wander_arrival_estate, layout_basic
D:2:      layout_loops_corners, amethyst_killhole, uniq_terence

Skill      XL: |  1  2  3 |
---------------+----------+-----
Hexes          | 4 |  4.7
Dodging        | 3 |  3.0
Stealth        | 5 |  5.2
Short Blades   | |  1.8
Spellcasting   | |  2.6
Ice Magic      | |  0.2

Action                     || total
---------------------------++-------
  Melee: Dagger            ||   102
         Punch             ||     1
   Cast: Ensorcelled Hiber ||     2
         Confusing Touch   ||     1
   Stab: Sleeping          ||    12
 Armour: Robe              ||     9
  Dodge: Dodged            ||    57
